 Dungeon Crawl Stone Soup version 0.25-a0-634-gd1561dc703 (webtiles) character file.

Game seed: 11096311028915655593, levelgen mode: deterministic

48 An17 the Cutter (level 3, -1/27 HPs)
             Began as a Vine Stalker Gladiator on Mar 20, 2020.
             Succumbed to an adder's poison
             ... on level 2 of the Dungeon.
             The game lasted 00:04:30 (1036 turns).

An17 the Cutter (Vine Stalker Gladiator)            Turns: 1036, Time: 00:04:30

Health: -1/27      AC: 21    Str: 17    XL:     3   Next: 72%
Magic:  0/4        EV:  2    Int:  8    God:
Gold:   114        SH:  0    Dex: 15    Spells: 0/2 levels left

rFire    + . .     SeeInvis .   a - +0 rapier
rCold    + . .     Gourm    .   (no shield)
rNeg     + + +     Faith    .   (armour currently unavailable)
rPois    +         Spirit   +   (helmet currently unavailable)
rElec    +         Reflect  .   (cloak currently unavailable)
rCorr    +         Harm     .   (gloves currently unavailable)
MR       .....     NoTele   +   (boots currently unavailable)
Stlth    +.........             (no amulet)
HPRegen  0.09/turn              (no ring)
MPRegen  0.09/turn              (no ring)

@: brilliant, lethally poisoned (-1 -> -18), tree-form, resistant
A: magic shield, no potion heal 3, rot immunity
a: no special abilities


You were on level 2 of the Dungeon.
You were hungry.
You were a tree.
You visited 1 branch of the dungeon, and saw 2 of its levels.

You collected 114 gold pieces.

Inventory:

Hand Weapons
 a - a +0 rapier (weapon)
 g - a +0 dagger of venom
Missiles
 d - 3 throwing nets (quivered)
Armour
 b - a +0 leather armour (melded)
 c - a +0 helmet (melded)
 k - a +0 cloak (melded)
Scrolls
 l - 2 scrolls of remove curse
Comestibles
 f - 2 rations


   Skills:
 + Level 2.0 Fighting
 + Level 3.5 Short Blades
 + Level 2.0 Throwing
 + Level 0.1 Armour
 + Level 2.8 Dodging
 + Level 0.1 Hexes


You couldn't memorise any spells.
You knew the following spells:

 Your Spells              Type           Power        Failure   Level  Hunger
a - Ensorcelled Hibernat  Hex/Ice        #.....       54%         2    None

Your spell library contained the following spells:

 Spells                   Type           Power        Failure   Level  Hunger
 Corona                   Hex            #......      38%         1    None
 Confusing Touch          Hex            #.......     77%         3    None
 Tukima's Dance           Hex            #.......     77%         3    None
 Dazzling Flash           Conj/Hex       #.....       78%         3    None


Dungeon Overview and Level Annotations

Branches:
Dungeon (2/15)

Altars:
Yredelemnul

Annotations:
D:2 Sigmund


Innate Abilities, Weirdness & Mutations

((You have extremely sharp teeth.))
When hurt, damage is shared between your health and your magic reserves.
((Your bite disrupts and absorbs the magic of your enemies.))
Potions cannot restore your health.
You are immune to rotting.


Message History

You feel sick. The adder bites you but does no damage.
Sigmund hits you from afar with a +1 scythe of venom.
* * * LOW HITPOINT WARNING * * *
The adder bites you.
* * * LOW HITPOINT WARNING * * *
You are more poisoned.
The adder poisons you!
You cannot move. (Use ctrl+direction or * direction to attack without moving.)
You barely miss the adder.
* * * LOW HITPOINT WARNING * * *
You feel sick. The adder bites you.
* * * LOW HITPOINT WARNING * * *
You are more poisoned.
The adder poisons you!
The frilled lizard bites you but does no damage.
You cannot move. (Use ctrl+direction or * direction to attack without moving.) Unknown command.
You cannot move. (Use ctrl+direction or * direction to attack without moving.)
You feel less confused.
You die...

#. #####.....# #.#
#.......... #.#
####.......... #.#
#............. #.#
#.............
###'###.............
#####...................
......l†.......#######..
.###.@S♣....#### #..
#........# #..
#........# #..
#........# #..
#.#################.#
... ................
#### #......#####.# ..
#.[....# #.# #. ######.#
#..


You could see Sigmund, an adder and a frilled lizard.

Vanquished Creatures
  2 oozes (D:1)
  A worm (D:2)
  A dart slug (D:1)
  A leopard gecko (D:1)
  A giant cockroach (D:1)
  4 goblins (D:1)
  7 hobgoblins
  2 ball pythons
  2 bats
  A frilled lizard (D:2)
  4 kobolds
  4 rats
  A spectral orc (D:2)
31 creatures vanquished.

Notes
Turn   | Place    | Note
-------+----------+-------------------------------------------
     0 | D:1      | An17 the Vine Stalker Gladiator began the quest for the
                  | Orb.
     0 | D:1      | Reached XP level 1. HP: 11/11 MP: 2/2
    23 | D:1      | Reached XP level 2. HP: 15/15 MP: 3/3
   222 | D:1      | Reached skill level 3 in Short Blades
   475 | D:1      | Reached XP level 3. HP: 18/18 MP: 4/4
   830 | D:2      | Learned a level 2 spell: Ensorcelled Hibernation
   877 | D:2      | Found a basalt altar of Yredelemnul.
  1023 | D:2      | Noticed Sigmund
  1035 | D:2      | HP: 1/27 [adder (2)]
  1036 | D:2      | Succumbed to an adder's poison

Levels and vault maps discovered:
D:1:      minmay_arrival_doors, layout_basic, serial_park_tiny_2
D:2:      layout_basic, yredelemnul_forgotten_temple_becter,
          kennysheep_slug_shrine, first_ration, uniq_sigmund

Skill      XL: |  1  2 |
---------------+-------+-----
Throwing       | 2 |  2.0
Short Blades   | 3 |  3.5
Fighting       | 2 |  2.0
Armour         | |  0.1
Dodging        | |  2.8
Hexes          | |  0.1

Action                   || total
-------------------------++-------
Melee: Rapier            ||    78
       Bite              ||    20
 Cast: Ensorcelled Hiber ||     1
  Use: Scroll            ||     5
       Potion            ||     5
Armor: Leather armour    ||    17
       Skin              ||     4
Dodge: Dodged            ||    40

Table legend:
 A = Non-vault XP
 B = Vault XP
 C = Vault XP percentage of total XP
 D = Non-vault monster count
 E = Vault monster count
 F = Vault count percentage of total count
                 A         B        C        D         E       F
            +---------+---------+-------+---------+---------+-------
      Total |      68 |       1 |   1.4 |      30 |       1 |   3.2
            +---------+---------+-------+---------+---------+-------
        D:1 |      51 |       0 |   0.0 |      22 |       0 |   0.0
        D:2 |      17 |       1 |   5.6 |       8 |       1 |  11.1
            +---------+---------+-------+---------+---------+-------
